 Dungeon Crawl Stone Soup version 0.21-a0-434-g806c6c2 (webtiles) character file.

61 Ijustatesigmund the Sneak (level 4, -3/29 HPs)
             Began as an Octopode Enchanter on Nov 8, 2017.
             Slain by Sigmund
             ... wielding a +0 scythe
              (7 damage)
             ... on level 3 of the Dungeon.
             The game lasted 00:05:34 (2528 turns).

Ijustatesigmund the Sneak (Octopode Enchanter)      Turns: 2528, Time: 00:05:34

Health: -3/29      AC:  1    Str: 12    XL:     4   Next: 7%
Magic:  6/7        EV: 13    Int: 17    God:
Gold:   245        SH:  0    Dex: 11    Spells: 4/7 levels left

rFire    . . .     SeeInvis .   j - +1 dagger (venom)
rCold    + . .     Gourm    .   (no shield)
rNeg     . . .     Faith    .   (helmet restricted)
rPois    .         Spirit   .   (no amulet)
rElec    .         Reflect  .   (no ring)
rCorr    .         Harm     .   (no ring)
MR       .....     Clarity  +   (no ring)
Stlth    +++.......             (no ring)
HPRegen  0.09/turn              (no ring)
MPRegen  0.10/turn              (no ring)
                                (no ring)
                                (no ring)

@: mighty
A: almost no armour, stealthy swim, amphibious, 8 rings, constrict 8, camouflage
1, clarity, clumsy 1, cold resistance 1, gelatinous body 1
a: no special abilities


You were on level 3 of the Dungeon.
You were not hungry.

You visited 1 branch of the dungeon, and saw 3 of its levels.

You collected 245 gold pieces.

Inventory:

Hand Weapons
 a - a +1 dagger
 j - a +1 dagger of venom (weapon)
Scrolls
 e - a scroll of identify
 i - 2 scrolls of remove curse
 n - a scroll of recharging
Potions
 l - a potion of might
Books
 b - a book of Maledictions

   Spells                             Type                      Level
   a - Corona                         Hexes                        1
   b - Ensorcelled Hibernation        Hexes/Ice                    2
   c - Confuse                        Hexes                        3
   d - Tukima's Dance                 Hexes                        3
   e - Dazzling Spray                 Conjuration/Hexes            3
Comestibles
 c - 2 bread rations
 f - 3 meat rations
 h - a fruit
 m - a royal jelly


   Skills:
 + Level 2.2 Fighting
 + Level 2.2 Short Blades
 - Level 2.0 Dodging
 - Level 4.0 Stealth
 - Level 2.0 Spellcasting
 - Level 3.0 Hexes
 + Level 1.4 Ice Magic


You had 4 spell levels left.
You knew the following spells:

 Your Spells              Type           Power        Failure   Level  Hunger
a - Corona                Hex            ##.....      5%          1    #......
b - Ensorcelled Hibernat  Hex/Ice        #.....       12%         2    ###....


Dungeon Overview and Level Annotations

Branches:
Dungeon (3/15)

Altars:
Gozag
Hepliaklqana

Annotations:
D:3 HAL9000's ghost, amateur VSAs; Sigmund


Innate Abilities, Weirdness & Mutations

You cannot wear most types of armour.
You are very stealthy in the water. (Stealth+)
You are amphibious.
You can wear up to eight rings at the same time.
You can use your tentacles to constrict eight enemies at once.
Your skin changes colour to match your surroundings (Stealth+).
Your rubbery body absorbs attacks. (AC +1, EV +1)
You possess an exceptional clarity of mind.
You are clumsy. (Dex -2)
Your flesh is cold resistant. (rC+)


Message History

You see here a scroll of remove curse.
You feel better.
The leopard gecko bites you but does no damage.
You feel very mighty all of a sudden. The leopard gecko closely misses you.
Something barely misses you.
You closely miss the leopard gecko. Your grab misses the leopard gecko.
The leopard gecko misses you. Something hits you!
You closely miss the leopard gecko. Your grab misses the leopard gecko.
The leopard gecko bites you.
You puncture the leopard gecko!
You kill the leopard gecko!
The bat hits you but does no damage. Something barely misses you.
You miss the bat. Your grab misses the bat. The bat closely misses you.
The bat barely misses you.
You puncture the bat!
You kill the bat!
Something hits you.
* * * LOW HITPOINT WARNING * * *
Something hits you!
You die...

... .. #.# ..
###†### ..
#.....# #.
#.....# #.
#.....# #.
#.....#
####.###.....#
#....{@?.#####
#.....##.#
#....?##...
#..........#
#............
##..(.....##.#
#..#.#...# .#
#....#.... .


There were no monsters in sight!

Vanquished Creatures
  An adder (D:2)
  An ooze (D:2)
  A worm (D:2)
  2 dart slugs (D:2)
  3 leopard geckos
  4 bats
  3 giant cockroaches
  8 goblins
  4 hobgoblins
  A kobold (D:1)
  A quokka (D:2)
  2 frilled lizards (D:2)
  6 rats
37 creatures vanquished.

Vanquished Creatures (others)
  4 toadstools (D:1)
4 creatures vanquished.

Grand Total: 41 creatures vanquished

Notes
Turn   | Place    | Note
-------+----------+-------------------------------------------
     0 | D:1      | Ijustatesigmund the Octopode Enchanter began the quest for the Orb.
     0 | D:1      | Reached XP level 1. HP: 11/11 MP: 3/3
   362 | D:1      | Reached skill level 1 in Fighting
   386 | D:1      | Reached XP level 2. HP: 18/18 MP: 5/5
   390 | D:1      | Learned a level 2 spell: Ensorcelled Hibernation
   921 | D:2      | Found a hazy altar of Hepliaklqana.
  1081 | D:2      | Reached XP level 3. HP: 19/24 MP: 6/6
  1295 | D:2      | Reached skill level 1 in Ice Magic
  1859 | D:2      | Found an opulent altar of Gozag.
  2039 | D:3      | Noticed HAL9000's ghost (amateur VSAs)
  2268 | D:3      | Gained mutation: Your flesh is cold resistant. (rC+) [potion of mutation]
  2268 | D:3      | Gained mutation: You are clumsy. (Dex -2) [potion of mutation]
  2268 | D:3      | Gained mutation: You possess an exceptional clarity of mind. [potion of mutation]
  2423 | D:3      | Reached XP level 4. HP: 29/29 MP: 7/7
  2513 | D:3      | Noticed Sigmund
  2528 | D:3      | Slain by Sigmund

Vault maps used:
D:1:      ldierk_walled_garden_2
D:2:      nicolae_overflow_hidden_temple, first_bread, grunt_ministairs_3
D:3:      uniq_terence, uniq_sigmund

Skill      XL: |  1  2  3 |
---------------+----------+-----
Fighting       | 1 2 |  2.2
Ice Magic      | 1 |  1.4
Short Blades   | 2 |  2.2
Dodging        | |  2.0
Stealth        | |  4.0
Spellcasting   | |  2.0
Hexes          | |  3.0

Action                   |  1- 3 |  4- 6 || total
-------------------------+-------+-------++-------
Melee: Dagger            |    69 |     8 ||    77
       Tentacles         |    12 |       ||    12
       Constrict         |    12 |     1 ||    13
 Cast: Ensorcelled Hiber |       |     1 ||     1
  Use: Scroll            |     6 |       ||     6
       Potion            |     1 |     2 ||     3
 Stab: Sleeping          |    14 |     1 ||    15
  Eat: Chunk             |     4 |       ||     4
       Fruit             |     1 |       ||     1
Armor: Skin              |     2 |     3 ||     5
Dodge: Dodged            |    34 |    10 ||    44

Table legend:
 A = Spawn XP
 B = Non-spawn XP
 C = Spawn XP percentage of total XP
 D = Spawn monster count
 E = Non-spawn monster count
 F = Spawn count percentage of total count
 G = Total turns spent on level
                    A         B        C        D         E        F      G
               +---------+---------+-------+---------+---------+-------+---------
         Total |       0 |      88 |   0.0 |       0 |      37 |   0.0 |  2528
               +---------+---------+-------+---------+---------+-------+---------
           D:1 |       0 |      21 |   0.0 |       0 |      11 |   0.0 |   921
           D:2 |       0 |      53 |   0.0 |       0 |      19 |   0.0 |  1385
           D:3 |       0 |      14 |   0.0 |       0 |       7 |   0.0 |   222
               +---------+---------+-------+---------+---------+-------+---------
